[Event "EYCC Open-U14 2019"]
[Site "Bratislava"]
[Date "2019.08.03"]
[Round "2.3"]
[White "Pasztor, Balazs"]
[Black "Can, Isik"]
[Result "0-1"]
[ECO "C77"]
[WhiteElo "2140"]
[BlackElo "2374"]
[Annotator "NA"]
[PlyCount "86"]
[EventDate "2019.08.02"]
[EventType "swiss"]
[EventCountry "SVK"]
[SourceTitle "playchess.com"]
[Source "ChessBase"]
[SourceQuality "1"]
[TimeControl "40/5400+30:1800+30"]

1. e4 e5 2. Nf3 Nc6 3. Bb5 a6 4. Ba4 Nf6 5. Nc3 b5 6. Bb3 Be7 7. d3 d6 8. a3 O-O 9. Nd5 Be6 10. O-O Re8 11. Re1 h6 12. c3 Bf8 13. a4 Na5 14. Ba2 c5 15. Nxf6+ Qxf6 16. Bd5 Bxd5 17. exd5 c4 18. Nd2 cxd3 19. axb5 axb5 20. Ne4 Qe7 21. Qxd3 Reb8 22. f4 f5 23. Nd2 e4 24. Qe2 b4 25. Nc4 Qc7 26. Ne3 bxc3 27. bxc3 Qc8 28. Bd2 Nb3 29. Rxa8 Rxa8 30. Rb1 Nxd2 31. Qxd2 Ra3 32. Qd4 Rxc3 33. h3 g6 34. Qa7 Rc7 35. Qb6 Qd7 36. Ra1 Bg7 37. Ra6 Rb7 38. Qxd6 Qxd6 39. Rxd6 Bd4 40. Rxg6+ Kf8 41. Rg3 Rg7 42. Rxg7 Bxe3+ 43. Kf1 Kxg7 0-1

[Event "EYCC Open-U14 2019"]
[Site "Bratislava"]
[Date "2019.08.03"]
[Round "2.4"]
[White "Ochedzan, Tymon"]
[Black "Popov, Konstantin"]
[Result "1/2-1/2"]
[ECO "B94"]
[WhiteElo "2037"]
[BlackElo "2367"]
[Annotator "NA"]
[PlyCount "121"]
[EventDate "2019.08.02"]
[EventType "swiss"]
[EventCountry "SVK"]
[SourceTitle "playchess.com"]
[Source "ChessBase"]
[SourceQuality "1"]
[TimeControl "40/5400+30:1800+30"]

1. e4 c5 2. Nf3 d6 3. d4 Nf6 4. Nc3 cxd4 5. Nxd4 a6 6. Bg5 Nbd7 7. a4 e6 8. a5 Be7 9. Nb3 O-O 10. Be2 Qc7 11. O-O b5 12. axb6 Nxb6 13. Be3 Bb7 14. Na5 Nfd7 15. Nxb7 Qxb7 16. f4 Rfc8 17. Bd4 e5 18. fxe5 dxe5 19. Bf2 Bc5 20. Qd3 a5 21. Qb5 Qa7 22. Kh1 Bxf2 23. Rxf2 Rc5 24. Qb3 Nf6 25. Raf1 Rb8 26. Qa3 Nbd7 27. Bd3 Qb7 28. Na4 Rc7 29. b3 Qb4 30. Qc1 Nf8 31. Rf5 Ng6 32. Qe3 Rd8 33. Nb2 Qd4 34. Qxd4 Rxd4 35. Nc4 a4 36. R5f3 axb3 37. cxb3 h5 38. Kg1 Rb7 39. Bc2 h4 40. Rf5 Ng4 41. Rg5 Nf6 42. Nxe5 Nxe5 43. Rxf6 Rd2 44. Rf2 Rxf2 45. Kxf2 f6 46. Rh5 g5 47. g3 Ra7 48. gxh4 gxh4 49. Bd1 Ra2+ 50. Ke3 Rxh2 51. b4 Rh3+ 52. Kf4 Kg7 53. Kf5 Ng6 54. e5 Nxe5 55. b5 Rd3 56. Bc2 Rc3 57. Be4 Ng6 58. b6 Rc5+ 59. Kg4 Rc4 60. Kf3 Rb4 61. b7 1/2-1/2

[Event "EYCC Open-U14 2019"]
[Site "Bratislava"]
[Date "2019.08.03"]
[Round "2.5"]
[White "Tsvetkov, Andrey"]
[Black "Popov, Maksim M."]
[Result "1-0"]
[ECO "E25"]
[WhiteElo "2324"]
[BlackElo "2152"]
[Annotator "NA"]
[PlyCount "79"]
[EventDate "2019.08.02"]
[EventType "swiss"]
[EventCountry "SVK"]
[SourceTitle "playchess.com"]
[Source "ChessBase"]
[SourceQuality "1"]
[TimeControl "40/5400+30:1800+30"]

1. d4 Nf6 2. c4 e6 3. Nc3 Bb4 4. f3 d5 5. a3 Bxc3+ 6. bxc3 c5 7. cxd5 Nxd5 8. dxc5 O-O 9. e4 Ne7 10. Qxd8 Rxd8 11. Be3 Nbc6 12. Rb1 Ng6 13. f4 Rb8 14. Nf3 Bd7 15. h4 Na5 16. h5 Ne7 17. h6 g6 18. Ne5 f5 19. Bd3 Bc6 20. Nxc6 bxc6 21. Ke2 fxe4 22. Bxe4 Nc4 23. Bd4 Nxa3 24. Rxb8 Rxb8 25. Ra1 Rb3 26. Be5 Nd5 27. Bc2 Nxc2 28. Rxa7 Nce3 29. Bd6 Rb2+ 30. Kf3 g5 31. Rg7+ Kh8 32. Rf7 Rf2+ 33. Kxf2 Ng4+ 34. Ke1 Nxh6 35. Rf8+ Kg7 36. fxg5 Nf7 37. Rc8 Nxc3 38. Rxc6 Ne4 39. Be7 Kg6 40. Rxe6+ 1-0

[Event "EYCC Open-U14 2019"]
[Site "Bratislava"]
[Date "2019.08.03"]
[Round "2.6"]
[White "Hak, David"]
[Black "Morgunov, Marc"]
[Result "0-1"]
[ECO "B22"]
[WhiteElo "2012"]
[BlackElo "2314"]
[Annotator "NA"]
[PlyCount "126"]
[EventDate "2019.08.02"]
[EventType "swiss"]
[EventCountry "SVK"]
[SourceTitle "playchess.com"]
[Source "ChessBase"]
[SourceQuality "1"]
[TimeControl "40/5400+30:1800+30"]

1. e4 c5 2. c3 d5 3. exd5 Qxd5 4. d4 Nf6 5. Nf3 e6 6. Be3 cxd4 7. cxd4 Be7 8. Nc3 Qd8 9. Bd3 Nc6 10. a3 O-O 11. O-O a6 12. Rc1 b6 13. Bb1 Bb7 14. Qd3 g6 15. d5 exd5 16. Rfd1 Na5 17. Ba2 b5 18. Nxd5 Nxd5 19. Bxd5 Qxd5 20. Qxd5 Bxd5 21. Rxd5 Bf6 22. Ne5 Bxe5 23. Rxe5 Nc4 24. Re7 Nxb2 25. Rcc7 Nc4 26. g3 Rae8 27. Rxe8 Rxe8 28. Ra7 a5 29. Bd4 Rc8 30. Bc3 Nxa3 31. Bxa5 Nc4 32. Bb4 Rb8 33. Kg2 h5 34. h4 Kg7 35. Bc3+ Kf8 36. Bb4+ Kg8 37. Kg1 Nb2 38. Bd6 Rd8 39. Be5 Nd3 40. Bf6 Rb8 41. Rd7 Nc5 42. Rd5 Ne6 43. Rd1 b4 44. Rb1 b3 45. Kf1 Nc5 46. Bd4 Ne4 47. Ke2 f5 48. Kd3 Kf7 49. Rb2 Ke6 50. Kc4 Nd6+ 51. Kc3 Kd5 52. Be3 Nc4 53. Bf4 Nxb2 54. Bxb8 Nd1+ 55. Kxb3 Nxf2 56. Kc3 Ke4 57. Kc4 Nh1 58. Bc7 Kf3 59. Kd5 Nxg3 60. Ke6 Kg4 61. Bd8 f4 62. Kf6 f3 63. Bb6 Ne4+ 0-1

[Event "EYCC Open-U14 2019"]
[Site "Bratislava"]
[Date "2019.08.03"]
[Round "2.7"]
[White "Krastev, Alexander"]
[Black "Cappelletto, Joshuaede"]
[Result "1-0"]
[ECO "B23"]
[WhiteElo "2325"]
[BlackElo "2138"]
[Annotator "NA"]
[PlyCount "93"]
[EventDate "2019.08.02"]
[EventType "swiss"]
[EventCountry "SVK"]
[SourceTitle "playchess.com"]
[Source "ChessBase"]
[SourceQuality "1"]
[TimeControl "40/5400+30:1800+30"]

1. e4 c5 2. Nc3 a6 3. Nf3 d6 4. g3 Nc6 5. Bg2 g6 6. O-O Bg7 7. Ne2 Nf6 8. d3 O-O 9. c3 Bd7 10. h3 b5 11. g4 Qc8 12. Ng3 Rb8 13. Be3 b4 14. Qc1 Qb7 15. Nd2 Qb5 16. c4 Qa4 17. f4 Nd4 18. Nf3 Ne8 19. Nxd4 cxd4 20. Bf2 e5 21. f5 Nc7 22. Be1 Rfc8 23. Bd2 Rb7 24. h4 Be8 25. Kf2 f6 26. a3 bxa3 27. Rxa3 Qd7 28. Qa1 Bf7 29. Bf3 Rbb8 30. b4 Bf8 31. Rb1 Rb6 32. Rb2 Rcb8 33. Qe1 Qc8 34. Ra1 Qb7 35. Ke2 Qa7 36. b5 Nxb5 37. cxb5 Rxb5 38. Rxb5 Rxb5 39. Rb1 Rc5 40. Qd1 a5 41. Qa4 Be7 42. fxg6 hxg6 43. h5 Qc7 44. hxg6 Bxg6 45. Nf5 Bf8 46. Qb3+ Bf7 47. Qb8 1-0

[Event "EYCC Open-U14 2019"]
[Site "Bratislava"]
[Date "2019.08.03"]
[Round "2.8"]
[White "Trofimov, Pavel"]
[Black "Musyuk, Lior"]
[Result "1-0"]
[ECO "D35"]
[WhiteElo "2151"]
[BlackElo "2236"]
[Annotator "NA"]
[PlyCount "81"]
[EventDate "2019.08.02"]
[EventType "swiss"]
[EventCountry "SVK"]
[SourceTitle "playchess.com"]
[Source "ChessBase"]
[SourceQuality "1"]
[TimeControl "40/5400+30:1800+30"]

1. d4 Nf6 2. c4 e6 3. Nc3 d5 4. cxd5 Nxd5 5. e4 Nxc3 6. bxc3 c5 7. Nf3 cxd4 8. cxd4 Bb4+ 9. Bd2 Bxd2+ 10. Qxd2 O-O 11. Be2 b6 12. O-O Bb7 13. Qf4 Nc6 14. Rfd1 Qe7 15. Bf1 Nb4 16. a3 Nc2 17. Ra2 Rac8 18. Rc1 g5 19. Nxg5 Nxd4 20. Rxc8 Bxc8 21. e5 Nf5 22. Ne4 Qh4 23. Nf6+ Kg7 24. g4 Ne7 25. Bg2 Nd5 26. Bxd5 exd5 27. Rd2 Be6 28. Rd3 Rc8 29. Kg2 Rc4 30. Qd2 h6 31. f4 d4 32. Rh3 d3 33. Qxd3 Bd5+ 34. Nxd5 Qe1 35. Qxc4 Qd2+ 36. Kf3 Qd1+ 37. Ke4 Qh1+ 38. Kf5 Qb1+ 39. Rd3 b5 40. Qd4 Qc2 41. Nf6 1-0

[Event "EYCC Open-U14 2019"]
[Site "Bratislava"]
[Date "2019.08.03"]
[Round "2.9"]
[White "Stukan, Martin"]
[Black "Falkevall, Axel"]
[Result "1-0"]
[ECO "C14"]
[WhiteElo "2303"]
[BlackElo "2067"]
[Annotator "NA"]
[PlyCount "83"]
[EventDate "2019.08.02"]
[EventType "swiss"]
[EventCountry "SVK"]
[SourceTitle "playchess.com"]
[Source "ChessBase"]
[SourceQuality "1"]
[TimeControl "40/5400+30:1800+30"]

1. e4 e6 2. d4 d5 3. Nc3 Nf6 4. Bg5 Be7 5. e5 Nfd7 6. Bxe7 Qxe7 7. f4 a6 8. Nf3 c5 9. dxc5 Nxc5 10. Qd2 Nc6 11. Bd3 b5 12. O-O O-O 13. Qe3 Nxd3 14. cxd3 Rd8 15. Nd4 Qa7 16. Nce2 Bd7 17. Rfc1 Rdc8 18. Kf2 Na5 19. b4 Nb7 20. Nb3 Qxe3+ 21. Kxe3 Kf8 22. Rxc8+ Rxc8 23. Rc1 Rxc1 24. Nexc1 Ke7 25. Kd4 Kd8 26. Nc5 Nxc5 27. Kxc5 Kc7 28. Nb3 Bc8 29. Nd4 Bd7 30. g4 Bc8 31. g5 Bd7 32. h4 Be8 33. h5 h6 34. gxh6 gxh6 35. f5 exf5 36. Nxf5 f6 37. exf6 Bxh5 38. Nxh6 Kd7 39. Kxd5 Be2 40. Ke4 Ke6 41. f7 Ke7 42. a3 1-0

[Event "EYCC Open-U14 2019"]
[Site "Bratislava"]
[Date "2019.08.03"]
[Round "2.10"]
[White "Stalmach, Richard"]
[Black "Indriunas, Matas"]
[Result "1-0"]
[ECO "E90"]
[WhiteElo "2381"]
[BlackElo "1960"]
[Annotator "NA"]
[PlyCount "59"]
[EventDate "2019.08.02"]
[EventType "swiss"]
[EventCountry "SVK"]
[SourceTitle "playchess.com"]
[Source "ChessBase"]
[SourceQuality "1"]
[TimeControl "40/5400+30:1800+30"]

1. d4 Nf6 2. c4 g6 3. Nc3 Bg7 4. e4 d6 5. Nf3 O-O 6. h3 e5 7. d5 a5 8. Be2 Na6 9. Be3 Kh8 10. g4 Nc5 11. Nd2 Ng8 12. a3 Bh6 13. Bxh6 Nxh6 14. b4 axb4 15. axb4 Rxa1 16. Qxa1 Na6 17. Qa3 f5 18. c5 fxg4 19. c6 Qf6 20. cxb7 Bxb7 21. Bxa6 Qxf2+ 22. Kd1 g3 23. Rf1 Bxa6 24. Rxf2 Rxf2 25. Qxa6 g2 26. Ne2 Rf1+ 27. Kc2 Rf2 28. Qa7 Rxe2 29. Kd1 c5 30. dxc6 1-0

[Event "EYCC Open-U14 2019"]
[Site "Bratislava"]
[Date "2019.08.03"]
[Round "2.11"]
[White "Paduano, Claudio"]
[Black "Vojta, Jakub"]
[Result "0-1"]
[ECO "D86"]
[WhiteElo "2037"]
[BlackElo "2238"]
[Annotator "NA"]
[PlyCount "80"]
[EventDate "2019.08.02"]
[EventType "swiss"]
[EventCountry "SVK"]
[SourceTitle "playchess.com"]
[Source "ChessBase"]
[SourceQuality "1"]
[TimeControl "40/5400+30:1800+30"]

1. d4 Nf6 2. c4 g6 3. Nc3 d5 4. cxd5 Nxd5 5. e4 Nxc3 6. bxc3 Bg7 7. Bc4 c5 8. Ne2 O-O 9. O-O Nc6 10. Be3 Qc7 11. Rc1 Rd8 12. Qd2 a6 13. f4 e6 14. f5 exf5 15. exf5 Bxf5 16. g4 Be6 17. Bxe6 fxe6 18. Bg5 Rf8 19. Nf4 Qd7 20. Qe2 Rae8 21. dxc5 e5 22. Qc4+ Kh8 23. Nd5 Nd4 24. Rxf8+ Rxf8 25. Ne3 Nf3+ 26. Kh1 Nxg5 27. Rd1 Qc6+ 28. Qd5 Rd8 29. Qxc6 Rxd1+ 30. Nxd1 bxc6 31. Kg2 Ne4 32. Ne3 Nxc3 33. Nc4 Nxa2 34. Na5 Nb4 35. Kf3 Kg8 36. Ke4 Kf7 37. h4 Ke6 38. Nb7 Bf6 39. g5 Be7 40. Ke3 Kd5 {[%emt 0:00:00] Kd4+} 0-1

[Event "EYCC Open-U14 2019"]
[Site "Bratislava"]
[Date "2019.08.03"]
[Round "2.12"]
[White "Fernandez Lopez, Ruben"]
[Black "Revaliente Montoya, Ciro"]
[Result "1-0"]
[ECO "B42"]
[WhiteElo "2207"]
[BlackElo "1917"]
[Annotator "NA"]
[PlyCount "77"]
[EventDate "2019.08.02"]
[EventType "swiss"]
[EventCountry "SVK"]
[SourceTitle "playchess.com"]
[Source "ChessBase"]
[SourceQuality "1"]
[TimeControl "40/5400+30:1800+30"]

1. e4 c5 2. Nf3 e6 3. d4 cxd4 4. Nxd4 a6 5. Bd3 Qb6 6. Nb3 Qc7 7. O-O Nf6 8. f4 d6 9. Nc3 b5 10. e5 b4 11. Ne4 Nd5 12. f5 dxe5 13. fxe6 Bxe6 14. Ng5 Nd7 15. Nxe6 Qb6+ 16. Ned4 exd4 17. Re1+ Be7 18. Qg4 g6 19. Bg5 f6 20. Qe4 Qc6 21. Nxd4 Qc5 22. Be3 f5 23. Nxf5 gxf5 24. Qf3 Nxe3 25. Rxe3 O-O 26. Kh1 Ne5 27. Qg3+ Ng4 28. Rf3 Bd6 29. Qh4 Qe5 30. Rh3 Ra7 31. Re1 Qd4 32. Rf1 Rg7 33. Rhf3 Qe5 34. Rxf5 Rxf5 35. Bxf5 Nf2+ 36. Kg1 Qxf5 37. Rxf2 Bc5 38. Qd8+ Kf7 39. Qd7+ 1-0

[Event "EYCC Open-U14 2019"]
[Site "Bratislava"]
[Date "2019.08.03"]
[Round "2.13"]
[White "Razafindratsima, Timothe"]
[Black "Zemach, Nadav"]
[Result "1-0"]
[ECO "C77"]
[WhiteElo "2178"]
[BlackElo "1997"]
[Annotator "NA"]
[PlyCount "103"]
[EventDate "2019.08.02"]
[EventType "swiss"]
[EventCountry "SVK"]
[SourceTitle "playchess.com"]
[Source "ChessBase"]
[SourceQuality "1"]
[TimeControl "40/5400+30:1800+30"]

1. e4 e5 2. Nf3 Nc6 3. Bb5 a6 4. Ba4 Nf6 5. d3 b5 6. Bb3 Be7 7. O-O d6 8. a3 O-O 9. Nc3 Bg4 10. Be3 Nd4 11. Bxd4 exd4 12. Nd5 Nd7 13. h3 Bxf3 14. Qxf3 Ne5 15. Qh5 c6 16. f4 Nd7 17. Nxe7+ Qxe7 18. Rae1 Rae8 19. Qf3 Kh8 20. e5 d5 21. Qf2 Qc5 22. Re2 Re6 23. c3 dxc3 24. d4 Qe7 25. f5 Rh6 26. bxc3 Qxa3 27. Rb1 Qe7 28. Ra1 Nb8 29. Bc2 Re8 30. Qg3 Qh4 31. Qd3 c5 32. dxc5 Qc4 33. Qxc4 dxc4 34. Rd1 Rc6 35. e6 fxe6 36. fxe6 Kg8 37. e7 Kf7 38. Rd8 Rc8 39. Rxc8 Rxc8 40. Bf5 Re8 41. c6 Nxc6 42. Bd7 Rxe7 43. Rf2+ Kg6 44. Bxc6 Re6 45. Bd5 Re3 46. Rc2 Re1+ 47. Kf2 Ra1 48. Ke3 a5 49. Bc6 Rb1 50. Ra2 Rb3 51. Kd4 a4 52. Be4+ 1-0

[Event "EYCC Open-U14 2019"]
[Site "Bratislava"]
[Date "2019.08.03"]
[Round "2.14"]
[White "Poltorak, Sebastian"]
[Black "Tsaruk, Maksim"]
[Result "1/2-1/2"]
[ECO "E39"]
[WhiteElo "2068"]
[BlackElo "2230"]
[Annotator "NA"]
[PlyCount "87"]
[EventDate "2019.08.02"]
[EventType "swiss"]
[EventCountry "SVK"]
[SourceTitle "playchess.com"]
[Source "ChessBase"]
[SourceQuality "1"]
[TimeControl "40/5400+30:1800+30"]

1. d4 Nf6 2. c4 e6 3. Nc3 Bb4 4. Qc2 c5 5. dxc5 O-O 6. a3 Bxc5 7. Nf3 b6 8. Bg5 Bb7 9. e3 h6 10. Bh4 Be7 11. Bd3 Nc6 12. O-O Rc8 13. Rfd1 Nh5 14. Bxe7 Qxe7 15. Qe2 Rfd8 16. Rac1 Nf6 17. Ne4 d6 18. Nxf6+ Qxf6 19. Be4 Ba6 20. b4 d5 21. Bd3 dxc4 22. Bxc4 Rxd1+ 23. Rxd1 Bxc4 24. Qxc4 Rd8 25. Rxd8+ Qxd8 26. h3 Qd1+ 27. Kh2 Qd6+ 28. g3 a5 29. b5 Ne7 30. a4 Qd5 31. Qf4 Ng6 32. Qb8+ Kh7 33. Kg2 f6 34. Qxb6 Ne5 35. e4 Qxe4 36. Qe3 Qb7 37. g4 Qd5 38. Kg3 Nd3 39. Qd4 Qb3 40. Qe4+ Kh8 41. Qa8+ Kh7 42. Qe4+ Kh8 43. Qa8+ Kh7 44. Qe4+ {[%emt 0:00:14] Ne1 Qa8 Nd3 Qxa5} 1/2-1/2

[Event "EYCC Open-U14 2019"]
[Site "Bratislava"]
[Date "2019.08.03"]
[Round "2.15"]
[White "Kirillov, Dmitry"]
[Black "Danaci, Ege"]
[Result "1-0"]
[ECO "B13"]
[WhiteElo "2244"]
[BlackElo "1976"]
[Annotator "NA"]
[PlyCount "83"]
[EventDate "2019.08.02"]
[EventType "swiss"]
[EventCountry "SVK"]
[SourceTitle "playchess.com"]
[Source "ChessBase"]
[SourceQuality "1"]
[TimeControl "40/5400+30:1800+30"]

1. e4 c6 2. d4 d5 3. exd5 cxd5 4. Nf3 Nc6 5. Ne5 Nf6 6. Bb5 Qb6 7. c4 e6 8. O-O dxc4 9. Qa4 Bd7 10. Nxd7 Nxd7 11. Nc3 a6 12. d5 Nce5 13. Re1 Rc8 14. Bxd7+ Nxd7 15. Bf4 Bc5 16. Ne4 Qb5 17. Qd1 O-O 18. a4 Qb3 19. dxe6 Qxd1 20. Raxd1 fxe6 21. Rxd7 Rxf4 22. Nxc5 Rxc5 23. Rxe6 Rcf5 24. f3 b5 25. Rxa6 b4 26. Rc6 g5 27. Rc8+ Rf8 28. Rcc7 R8f5 29. Rg7+ Kh8 30. Rxh7+ Kg8 31. Rhd7 b3 32. Rd8+ Rf8 33. Rxf8+ Kxf8 34. a5 Rd4 35. a6 Rd1+ 36. Kf2 Rd2+ 37. Ke3 Rxb2 38. a7 Ra2 39. Rc8+ Ke7 40. a8=Q Rxa8 41. Rxa8 Kd6 42. Ke4 {Kd5+} 1-0

[Event "EYCC Open-U14 2019"]
[Site "Bratislava"]
[Date "2019.08.03"]
[Round "2.16"]
[White "Schlegel, Igor"]
[Black "Rozen, Eytan"]
[Result "0-1"]
[ECO "B13"]
[WhiteElo "1968"]
[BlackElo "2260"]
[Annotator "NA"]
[PlyCount "162"]
[EventDate "2019.08.02"]
[EventType "swiss"]
[EventCountry "SVK"]
[SourceTitle "playchess.com"]
[Source "ChessBase"]
[SourceQuality "1"]
[TimeControl "40/5400+30:1800+30"]

1. e4 c6 2. d4 d5 3. exd5 cxd5 4. c4 Nf6 5. Nc3 Nc6 6. Bg5 e6 7. Nf3 Bb4 8. cxd5 exd5 9. Bb5 Bxc3+ 10. bxc3 Qa5 11. Qb3 Ne4 12. O-O O-O 13. Rfe1 Bg4 14. Bxc6 bxc6 15. Be7 Rfe8 16. Ne5 Be6 17. Bb4 Qb5 18. a4 Qa6 19. Rad1 f6 20. Nd3 Bf5 21. Qa2 Nxc3 22. Bxc3 Bxd3 23. Qd2 Bg6 24. a5 Qc4 25. Rxe8+ Rxe8 26. Re1 Rb8 27. Qf4 Rf8 28. Bd2 Qd3 29. Bb4 Re8 30. h3 Rxe1+ 31. Bxe1 Qb1 32. Qe3 h6 33. Kh2 Kh7 34. Qc3 a6 35. Bd2 Qb5 36. Bf4 Qf1 37. Bg3 Qc4 38. Qxc4 dxc4 39. Bf4 c3 40. Kg3 Kg8 41. Kf3 Kf7 42. Bd6 Ke6 43. Bb4 c2 44. Ba3 Kd5 45. Ke3 Kc4 46. Bc1 Kc3 47. h4 Bf5 48. f4 h5 49. Ba3 Be6 50. Bc1 g6 51. g3 Bf5 52. Ba3 Kc4 53. Bc1 Kb4 54. Bd2+ Ka3 55. Bc1+ Kb3 56. Ke2 Be6 57. Kd3 Bd5 58. Ke2 Ka4 59. Bd2 Bc4+ 60. Ke3 f5 61. Kf2 Kb3 62. Bc1 Bd3 63. Ke3 Bb5 64. Kf2 Bd3 65. Ke3 Be4 66. Ke2 Kb4 67. Bd2+ Kc4 68. Ke3 Kb5 69. Ke2 c1=Q 70. Bxc1 Kxa5 71. Kd2 Kb4 72. Bb2 Kc4 73. Bc3 Bd3 74. Ba1 a5 75. Bc3 a4 76. Bb2 Kb3 77. Ba1 Be4 78. Kd1 Ka2 79. Bc3 Kb1 80. Bb4 Kb2 81. Kd2 a3 0-1

[Event "EYCC Open-U14 2019"]
[Site "Bratislava"]
[Date "2019.08.03"]
[Round "2.17"]
[White "Papadiamandis, Elliot"]
[Black "Jares, Michal"]
[Result "1-0"]
[ECO "B33"]
[WhiteElo "2202"]
[BlackElo "1952"]
[Annotator "NA"]
[PlyCount "57"]
[EventDate "2019.08.02"]
[EventType "swiss"]
[EventCountry "SVK"]
[SourceTitle "playchess.com"]
[Source "ChessBase"]
[SourceQuality "1"]
[TimeControl "40/5400+30:1800+30"]

1. e4 c5 2. Nf3 Nc6 3. d4 cxd4 4. Nxd4 Nf6 5. Nc3 e5 6. Ndb5 d6 7. Bg5 a6 8. Na3 b5 9. Nd5 Be7 10. Bxf6 Bxf6 11. c4 O-O 12. cxb5 Nd4 13. b6 Bg5 14. Bc4 Bb7 15. O-O Rc8 16. Qg4 Rxc4 17. Nxc4 f5 18. Qd1 fxe4 19. Nce3 Qd7 20. Qh5 Bf4 21. Rad1 Bxd5 22. Nxd5 Rf5 23. Qh3 Ne2+ 24. Kh1 Kh8 25. Ne7 Qxe7 26. Qxf5 h6 27. Qg4 Nd4 28. Rxd4 exd4 29. Qxf4 1-0

[Event "EYCC Open-U14 2019"]
[Site "Bratislava"]
[Date "2019.08.03"]
[Round "2.18"]
[White "Weihrauch, Jakob"]
[Black "Titze, Leo"]
[Result "1-0"]
[ECO "B38"]
[WhiteElo "2201"]
[BlackElo "1919"]
[Annotator "NA"]
[PlyCount "83"]
[EventDate "2019.08.02"]
[EventType "swiss"]
[EventCountry "SVK"]
[SourceTitle "playchess.com"]
[Source "ChessBase"]
[SourceQuality "1"]
[TimeControl "40/5400+30:1800+30"]

1. e4 c5 2. Nf3 Nc6 3. d4 cxd4 4. Nxd4 g6 5. c4 Bg7 6. Be3 Nf6 7. Nc3 d6 8. Be2 O-O 9. O-O Bd7 10. Qd2 Nxd4 11. Bxd4 Bc6 12. f3 Nd7 13. Be3 a5 14. b3 Nc5 15. Rab1 Qb6 16. Rfc1 Rfc8 17. Rc2 Qd8 18. Bf1 h5 19. Kh1 Kh7 20. a3 Qh8 21. b4 axb4 22. axb4 Na4 23. Ne2 b5 24. Nd4 bxc4 25. Bxc4 Bd7 26. Bxf7 Rxc2 27. Nxc2 Nc3 28. Rg1 Nb5 29. Qd5 Bf6 30. f4 Rc8 31. f5 g5 32. Bg6+ Kh6 33. Qd2 h4 34. Ne1 Nc3 35. e5 Ne4 36. Qd4 Bc6 37. exf6 exf6 38. h3 Qg8 39. Nf3 Ng3+ 40. Kh2 Bxf3 41. Qxf6 Ne4 42. Bxg5+ 1-0

[Event "EYCC Open-U14 2019"]
[Site "Bratislava"]
[Date "2019.08.03"]
[Round "2.19"]
[White "Vaupot, Luka"]
[Black "Bochnicka, Vladimir"]
[Result "1/2-1/2"]
[ECO "E63"]
[WhiteElo "1939"]
[BlackElo "2169"]
[Annotator "NA"]
[PlyCount "73"]
[EventDate "2019.08.02"]
[EventType "swiss"]
[EventCountry "SVK"]
[SourceTitle "playchess.com"]
[Source "ChessBase"]
[SourceQuality "1"]
[TimeControl "40/5400+30:1800+30"]

1. d4 Nf6 2. Nf3 g6 3. c4 Bg7 4. Nc3 O-O 5. g3 d6 6. Bg2 Nc6 7. O-O a6 8. Qc2 Bg4 9. Rd1 Qc8 10. Be3 Bf5 11. Qa4 Nd7 12. Nd5 e6 13. Qxc6 exd5 14. Qxd5 Nb6 15. Qa5 Nxc4 16. Qc3 d5 17. b3 Nxe3 18. Qxe3 Re8 19. Qd2 c6 20. Rac1 Qe6 21. e3 Bg4 22. Rf1 Bf6 23. Ne1 Bf5 24. Nd3 Bxd3 25. Qxd3 Re7 26. Rc2 Qd6 27. Rfc1 Rae8 28. Rc5 Rc7 29. Qd2 Bg5 30. b4 Rce7 31. Kh1 Qf6 32. a4 Kf8 33. b5 axb5 34. axb5 Re6 35. bxc6 bxc6 36. Qc2 Bxe3 37. fxe3 1/2-1/2

[Event "EYCC Open-U14 2019"]
[Site "Bratislava"]
[Date "2019.08.03"]
[Round "2.20"]
[White "Sinitsyn, Anton"]
[Black "Tadic, Stefan"]
[Result "0-1"]
[ECO "A36"]
[WhiteElo "1847"]
[BlackElo "2262"]
[Annotator "NA"]
[PlyCount "68"]
[EventDate "2019.08.02"]
[EventType "swiss"]
[EventCountry "SVK"]
[SourceTitle "playchess.com"]
[Source "ChessBase"]
[SourceQuality "1"]
[TimeControl "40/5400+30:1800+30"]

1. c4 c5 2. Nc3 Nc6 3. g3 g6 4. Bg2 Bg7 5. e3 e5 6. Nge2 d6 7. d3 Nge7 8. O-O O-O 9. e4 f5 10. f4 fxe4 11. Nxe4 Nf5 12. fxe5 Nxe5 13. Bg5 Qd7 14. N2c3 h6 15. Bf4 g5 16. Bxe5 Bxe5 17. Qh5 Qg7 18. Rae1 Bd7 19. Qe2 Bd4+ 20. Kh1 Ne3 21. Rxf8+ Rxf8 22. h3 g4 23. h4 Bc6 24. Nd1 Nf5 25. Kh2 Be5 26. Ndf2 h5 27. Bh1 Nxh4 28. Rg1 Nf3+ 29. Bxf3 Rxf3 30. Kg2 Rxg3+ 31. Kf1 Rxg1+ 32. Kxg1 Qh6 33. Nd1 Qf4 34. Ndc3 h4 0-1

[Event "EYCC Open-U14 2019"]
[Site "Bratislava"]
[Date "2019.08.04"]
[Round "3.1"]
[White "Kostolansky, Sebastian Lukas"]
[Black "Yaniv, Yuval"]
[Result "1-0"]
[ECO "B50"]
[WhiteElo "2406"]
[BlackElo "2135"]
[Annotator "NA"]
[PlyCount "43"]
[EventDate "2019.08.02"]
[EventType "swiss"]
[EventCountry "SVK"]
[SourceTitle "playchess.com"]
[Source "ChessBase"]
[SourceQuality "1"]
[TimeControl "40/5400+30:1800+30"]

1. e4 c5 2. Nf3 d6 3. c3 Nf6 4. Bd3 d5 5. e5 Ne4 6. Bb5+ Bd7 7. Bxd7+ Qxd7 8. d3 f5 9. dxe4 fxe4 10. Ng5 g6 11. e6 Qc6 12. Qg4 Bh6 13. O-O Bxg5 14. Bxg5 h5 15. Qh3 Rf8 16. c4 d4 17. Nd2 Rf5 18. Qh4 Re5 19. Bxe7 Rxe6 20. Bg5 e3 21. fxe3 dxe3 22. Qf4 1-0

[Event "EYCC Open-U14 2019"]
[Site "Bratislava"]
[Date "2019.08.04"]
[Round "3.2"]
[White "Can, Isik"]
[Black "Dzida, Kamil"]
[Result "1-0"]
[ECO "B99"]
[WhiteElo "2374"]
[BlackElo "1987"]
[Annotator "NA"]
[PlyCount "75"]
[EventDate "2019.08.02"]
[EventType "swiss"]
[EventCountry "SVK"]
[SourceTitle "playchess.com"]
[Source "ChessBase"]
[SourceQuality "1"]
[TimeControl "40/5400+30:1800+30"]

1. e4 c5 2. Nf3 d6 3. d4 cxd4 4. Nxd4 Nf6 5. Nc3 a6 6. Bg5 e6 7. f4 Be7 8. Qf3 Qc7 9. O-O-O Nbd7 10. g4 Rb8 11. Bxf6 Bxf6 12. g5 Bxd4 13. Rxd4 b5 14. a3 Qc5 15. Qd3 b4 16. axb4 Rxb4 17. Rxd6 Ke7 18. e5 Rxf4 19. Qd2 Nxe5 20. Rxe6+ fxe6 21. Qxf4 Bb7 22. Ne4 Qd4 23. Bg2 Rc8 24. Rd1 Nd3+ 25. Rxd3 Qxd3 26. Nc3 Qc4 27. Qxc4 Rxc4 28. Bxb7 Rh4 29. Bxa6 Rxh2 30. b4 Rh4 31. b5 Kd6 32. b6 Kc6 33. Na4 h6 34. g6 Rf4 35. c4 Rf5 36. Bb5+ Kb7 37. c5 Kb8 38. Bd7 1-0

[Event "EYCC Open-U14 2019"]
[Site "Bratislava"]
[Date "2019.08.04"]
[Round "3.3"]
[White "Gnojek, Petr"]
[Black "Tsvetkov, Andrey"]
[Result "0-1"]
[ECO "D43"]
[WhiteElo "2246"]
[BlackElo "2324"]
[Annotator "NA"]
[PlyCount "94"]
[EventDate "2019.08.02"]
[EventType "swiss"]
[EventCountry "SVK"]
[SourceTitle "playchess.com"]
[Source "ChessBase"]
[SourceQuality "1"]
[TimeControl "40/5400+30:1800+30"]

1. d4 d5 2. c4 e6 3. Nf3 Nf6 4. Nc3 c6 5. Bg5 h6 6. Bh4 dxc4 7. e4 g5 8. Bg3 b5 9. Be2 Nbd7 10. d5 Bb7 11. dxe6 fxe6 12. Nd4 Nc5 13. e5 Nd5 14. Bh5+ Ke7 15. O-O Nf4 16. Bxf4 gxf4 17. Bf3 Qd7 18. Ne4 Nxe4 19. Bxe4 Bg7 20. Nxb5 Qxd1 21. Raxd1 Bxe5 22. Nc3 Rhd8 23. Rxd8 Rxd8 24. Rd1 Rb8 25. Rc1 c5 26. Bxb7 Rxb7 27. Nd1 Bxb2 28. Rxc4 Bd4 29. Rc1 Kd6 30. Kf1 Kd5 31. Ke2 e5 32. g3 Ke4 33. Rc4 f3+ 34. Kd2 Kd5 35. Rc2 e4 36. Rc1 c4 37. Nc3+ Ke5 38. Nd1 c3+ 39. Ke1 Rb5 40. h3 h5 41. a4 Rb3 42. a5 a6 43. Ne3 Bxe3 44. fxe3 Kd5 45. Rd1+ Kc5 46. g4 hxg4 47. hxg4 c2 0-1